 Dungeon Crawl Stone Soup version 0.28.0-53-g5a82cb258f (webtiles) character file.

Game seed: 597999891486884316

51 Bruhh the Insei (level 3, 0/28 HPs)
             Began as a Gnoll Transmuter on May 24, 2022.
             Succumbed to an adder's poison
             ... in a sewer.
             The game lasted 00:02:11 (2281 turns).

Bruhh the Insei (Gnoll Transmuter)                  Turns: 2281, Time: 00:02:12

Health: 0/28       AC:  2    Str:  9    XL:     3   Next: 81%
Magic:  9/9        EV: 13    Int: 14    God:
Gold:   68         SH:  0    Dex: 12    Spells: 6/12 levels left

rFire   . . .      SeeInvis .     - Unarmed
rCold   . . .      Faith    .   (no shield)
rNeg    . . .      Spirit   .   a - +0 robe
rPois   .          Reflect  .   (no helmet)
rElec   .          Harm     .   (no cloak)
rCorr   .          Rampage  .   (no gloves)
Will    .....                   (no boots)
Stlth   +.........              (no amulet)
HPRegen 0.09/turn               (no ring)
MPRegen 0.11/turn               (no ring)

@: brilliant, lethally poisoned (0 -> -3), very slow
A: fangs 1, strong nose, distributed training
a: no special abilities


You were in a sewer.
You visited 1 branch of the dungeon, and saw 3 of its levels.
You also visited: Sewer.

You collected 68 gold pieces.

Inventory:

Armour
 a - a +0 robe (worn)
Jewellery
 b - a ring of ice
 l - a ring of protection from cold
Scrolls
 c - a scroll of amnesia {unknown}
 f - a scroll of identify {unknown}
 i - 3 scrolls of enchant weapon {unknown}
Potions
 e - a potion of heal wounds {unknown}
 g - a potion of berserk rage {unknown}
 h - a potion of curing {unknown}
 j - a potion of cancellation
 k - a potion of mutation {unknown}
 m - a potion of magic {unknown}


   Skills:
 + Level 2.6 Fighting
 + Level 1.0 Short Blades
 + Level 1.0 Long Blades
 + Level 1.0 Axes
 + Level 1.0 Maces & Flails
 + Level 1.0 Polearms
 + Level 1.0 Staves
 + Level 1.0 Slings
 + Level 1.0 Bows
 + Level 1.0 Crossbows
 + Level 1.0 Throwing
 + Level 1.0 Armour
 + Level 4.6 Dodging
 + Level 1.0 Stealth
 + Level 1.0 Shields
 + Level 6.5 Unarmed Combat
 + Level 5.0 Spellcasting
 + Level 0.7 Conjurations
 + Level 0.7 Hexes
 + Level 0.7 Summonings
 + Level 0.7 Necromancy
 + Level 0.7 Translocations
 + Level 3.8 Transmutations
 + Level 0.7 Fire Magic
 + Level 0.7 Ice Magic
 + Level 0.7 Air Magic
 + Level 0.7 Earth Magic
 + Level 0.7 Poison Magic
 + Level 1.0 Invocations
 + Level 1.0 Evocations


You had 6 spell levels left.
You knew the following spells:

 Your Spells              Type           Power      Damage    Failure   Level
a - Beastly Appendage     Tmut           42%        N/A       3%          1
b - Spider Form           Tmut/Pois      14%        N/A       21%         3
c - Wereblood             Tmut           21%        N/A       5%          2

Your spell library contained the following spells:

 Spells                   Type           Power      Damage    Failure   Level
 Passwall                 Tmut/Erth      11%        N/A       11%         2
 Corpse Rot               Necr/Air       16%        N/A       21%         2
 Ensorcelled Hibernation  Hex/Ice        16%        N/A       21%         2
 Gell's Gravitas          Tloc           8%         N/A       36%         3
 Lesser Beckoning         Tloc           8%         N/A       36%         3
 Swiftness                Air            8%         N/A       36%         3
 Teleport Other           Tloc           8%         N/A       36%         3
 Ice Form                 Ice/Tmut       14%        N/A       56%         4
 Dispel Undead            Necr           8%         3d8       78%         4
 Death Channel            Necr           4%         N/A       100%        6


Dungeon Overview and Level Annotations

Branches:
Dungeon (3/15)              Sewer (1/1)

Altars:
Fedhas


Innate Abilities, Weirdness & Mutations

You have very sharp teeth.
Your uncanny sense of smell can sniff out nearby items.
Your experience applies equally to all skills.


Message History

The adder bites you.
You are more poisoned.
The adder poisons you!
You hit the adder but do no damage. You headbutt the adder!
The adder is severely wounded.
You feel very sick. The adder barely misses you. x2
You are too injured to fight recklessly!
You are too injured to fight recklessly!
It was a potion of cancellation.
Your magical effects are unravelling.
You feel magically purged.
Your horns disappear.
Your talons disappear.
You feel sick. The adder barely misses you.
You barely miss the adder.
The adder is severely wounded.
You feel sick. The adder closely misses you.
You hit the adder.
The adder is almost dead.
You feel sick. The adder closely misses you.
You barely miss the adder. Your bite misses the adder.
The adder is almost dead.
You feel sick. The adder bites you.
* * * LOW HITPOINT WARNING * * *
You are lethally poisoned!
The adder poisons you!
You closely miss the adder. Your bite misses the adder.
The adder is almost dead.
* * * LOW HITPOINT WARNING * * *
You feel sick. The adder barely misses you.
Unknown command.
Your unstable footing causes you to fumble your attack.
* * * LOW HITPOINT WARNING * * *
You feel sick. The adder closely misses you.
Your unstable footing causes you to fumble your attack.
* * * LOW HITPOINT WARNING * * *
You feel sick. The adder barely misses you. The adder completely misses you.
It was a potion of brilliance.
You feel clever all of a sudden.
You die...

########
####...PP.##
#≈≈≈...PP≈≈#...
##≈≈≈...PP.S≈≈..
#≈≈≈...#≈#.≈≈..
#≈≈≈.∩.#@# ≈≈≈
#≈≈≈≈.∩.#S# #
#≈≈≈....#≈#
######..#≈# ∆
≈P.#≈# #P##≈#
.P##≈# .###≈#


You could see an adder.

Vanquished Creatures
  2 worms (D:3)
  An orc (D:3)
  6 ball pythons
  7 endoplasms
  2 giant cockroaches
  3 goblins (D:2)
  2 hobgoblins (D:1)
  2 kobolds
  3 quokkas
  5 bats
  2 frilled lizards (D:1)
  3 rats
38 creatures vanquished.

Notes
Turn   | Place    | Note
-------+----------+-------------------------------------------
     0 | D:1      | Bruhh the Gnoll Transmuter began the quest for the Orb.
     0 | D:1      | Reached XP level 1. HP: 17/17 MP: 6/6
   214 | D:1      | Reached XP level 2. HP: 17/23 MP: 5/7
  1201 | D:2      | Reached XP level 3. HP: 28/28 MP: 7/9
  1262 | D:2      | Reached skill level 5 in Spellcasting
  1325 | D:2      | Learned a level 3 spell: Spider Form
  1485 | D:2      | Found a blossoming altar of Fedhas.
  1523 | D:2      | Found a faded altar of an unknown god.
  1928 | D:3      | Reached skill level 1 in Invocations
  1973 | D:3      | Learned a level 2 spell: Wereblood
  2063 | D:3      | Found a glowing drain.
  2097 | D:3      | Reached skill level 1 in Short Blades
  2097 | D:3      | Reached skill level 1 in Long Blades
  2097 | D:3      | Reached skill level 1 in Axes
  2097 | D:3      | Reached skill level 1 in Maces & Flails
  2097 | D:3      | Reached skill level 1 in Polearms
  2097 | D:3      | Reached skill level 1 in Staves
  2097 | D:3      | Reached skill level 1 in Slings
  2097 | D:3      | Reached skill level 1 in Bows
  2097 | D:3      | Reached skill level 1 in Crossbows
  2097 | D:3      | Reached skill level 1 in Throwing
  2097 | D:3      | Reached skill level 1 in Armour
  2097 | D:3      | Reached skill level 1 in Stealth
  2097 | D:3      | Reached skill level 1 in Shields
  2097 | D:3      | Reached skill level 1 in Evocations
  2259 | Sewer    | Entered a sewer
  2280 | Sewer    | HP: 1/28 [poisoned by an adder]
  2281 | Sewer    | Succumbed to an adder's poison

Illustrated notes

Levels and vault maps discovered:
D:1:      wander_arrival_estate, layout_basic
D:2:      layout_rooms, basic_altar, serial_forest, infiniplex_forest_diagonal,
          infiniplex_forest_lined_room_2, infiniplex_forest_clump_medium,
          infiniplex_forest_lined_room_2, infiniplex_forest_end_2,
          infiniplex_forest_corner_2, infiniplex_forest_clump_long,
          shapermc_ecumenical_altar_mp_ritualfount, minmay_misc_feat_ornament
D:3:      layout_loops_cross, mainiacjoe_overflow_alcove_2,
          cheibrodos_sewer_entry_sluice, uniq_terence
Sewer:    sewer_co_scattered_pipes

Skill      XL: |  1  2  3 |
---------------+----------+-----
Spellcasting   | 5 |  5.0
Invocations    | 1 |  1.0
Short Blades   | 1 |  1.0
Long Blades    | 1 |  1.0
Axes           | 1 |  1.0
Maces & Flails | 1 |  1.0
Polearms       | 1 |  1.0
Staves         | 1 |  1.0
Slings         | 1 |  1.0
Bows           | 1 |  1.0
Crossbows      | 1 |  1.0
Throwing       | 1 |  1.0
Armour         | 1 |  1.0
Stealth        | 1 |  1.0
Shields        | 1 |  1.0
Evocations     | 1 |  1.0
Fighting       | |  2.6
Dodging        | |  4.6
Unarmed Combat | |  6.5
Conjurations   | |  0.7
Hexes          | |  0.7
Summonings     | |  0.7
Necromancy     | |  0.7
Translocations | |  0.7
Transmutations | |  3.8
Fire Magic     | |  0.7
Ice Magic      | |  0.7
Air Magic      | |  0.7
Earth Magic    | |  0.7
Poison Magic   | |  0.7

Action                   || total
-------------------------++-------
Melee: Unarmed           ||   104
       Punch             ||     5
       Kick              ||    11
       Headbutt          ||     9
       Bite              ||     5
 Cast: Beastly Appendage ||    22
       Wereblood         ||     1
  Use: Potion            ||     2
 Stab: Sleeping          ||     1
Armor: Robe              ||    15
Dodge: Dodged            ||    67
